 Dungeon Crawl Stone Soup version 0.31-a0-1278-g11c5b68f87 (webtiles) character file.

Game seed: 1027264184107334586

2576 clenchingflame the Basher (level 9, -1/54 HPs)
             Began as a Gargoyle Fighter on Dec 17, 2023.
             Was a Priest of Makhleb.
             Slain by a slime creature (6 damage)
             ... on level 7 of the Dungeon on Dec 18, 2023.
             The game lasted 00:41:47 (6115 turns).

clenchingflame the Basher (Gargoyle Fighter)        Turns: 6115, Time: 00:41:48

Health: -1/54      AC: 17    Str: 24    XL:     9   Next: 57%
Magic:  11/11      EV:  8    Int:  9    God:    Makhleb [***...]
Gold:   267        SH:  4    Dex:  9    Spells: 8/8 levels left

rFire   . . .        Q - +4 morningstar
rCold   . . .        c - +0 buckler
rNeg    + . .        z - +3 chain mail {rPois}
rPois   ∞            (no helmet)
rElec   +            m - +0 cloak
rCorr   .            k - +2 pair of gloves
SInv    +            O - +0 pair of boots
Will    +....        E - amulet of faith Stlth
                     L - ring of willpower
HPRegen 0.29/turn    K - ring of see invisible
MPRegen 0.12/turn

%: faith
@: corroded
A: sickness immunity, AC +6, negative energy resistance 1, electricity
resistance, torment resistance 1, petrification resistance
a: Renounce Religion, Minor Destruction, Lesser Servant of Makhleb


You were on level 7 of the Dungeon.
You worshipped Makhleb.
Makhleb was most pleased with you.
You visited 1 branch of the dungeon, and saw 8 of its levels.

You collected 267 gold pieces.

Inventory:

Hand Weapons
 i - a +2 heavy flail
 A - a +1 whip of venom
 Q - a +4 morningstar (weapon)
Missiles
 h - 16 stones (quivered)
 n - 2 throwing nets
 B - 8 boomerangs
 C - 5 javelins
Armour
 c - a +0 buckler (worn)
 k - a +2 pair of gloves (worn)
 m - a +0 cloak (worn)
 s - an orb of light
 z - a +3 chain mail of poison resistance (worn)
 O - a +0 pair of boots (worn)
Jewellery
 a - a ring of ice
 l - a ring of flight
 E - an amulet of faith (around neck)
 K - a ring of see invisible (right hand)
 L - a ring of willpower (left hand)
Talismans
 d - a flux talisman
 v - a dragon-blood talisman
Wands
 t - a wand of digging (11)
 u - a wand of acid (1)
 y - a wand of polymorph (7)
 M - a wand of mindburst (20)
Scrolls
 e - a scroll of enchant armour {unknown}
 r - a scroll of teleportation {unknown}
 w - a scroll of poison
 x - 2 scrolls of immolation {unknown}
 D - a scroll of vulnerability {unknown}
 H - a scroll of identify
 I - 2 scrolls of amnesia {unknown}
 J - 2 scrolls of fear {unknown}
 N - a scroll of blinking {unknown}
Potions
 f - 5 potions of brilliance
 g - a potion of berserk rage
 j - 3 potions of mutation
 o - a potion of invisibility {unknown}
 p - 2 potions of heal wounds {unknown}
 q - 2 potions of haste
 F - a potion of might
 G - 2 potions of ambrosia {unknown}
 P - a potion of attraction {unknown}


   Skills:
 - Level 5.0 Fighting
 * Level 10.9 Maces & Flails
 + Level 6.0 Armour
 - Level 4.0 Shields
 - Level 3.1 Invocations


You had 8 spell levels left.
You didn't know any spells.
Your spell library contained the following spells:

 Spells                   Type           Power      Damage    Failure   Level
 Blink                    Tloc           0%         N/A       98%         2
 Manifold Assault         Tloc           0%         N/A       100%        4
 Olgreb's Toxic Radiance  Pois           0%         N/A       100%        4
 Discord                  Hex            0%         N/A       100%        8
 Ignition                 Fire           0%         3d3       100%        8


Dungeon Overview and Level Annotations

Branches:
Dungeon (8/15)             Temple (0/1) D:7
   Lair: D:8-11

Altars:
Makhleb
Trog
Wu Jian

Shops:
D:5 *

Annotations:
D:5 Player Ghost With Zombies, porpoise's ghost, novice GrEE
D:8 1 transporter, L4yla's ghost, novice DECj


Innate Abilities, Weirdness & Mutations

You are immune to sickness and miasma.
Your stone body is resilient. (AC +6)
You are immune to poison.
You resist negative energy. (rN+)
You are resistant to electric shocks. (rElec)
You are resistant to unholy torment.
You are immune to petrification.


Message History

The acid dragon spits acid at you. The splash of acid hits you!
The acid corrodes you! The slime creature hits you.
The acid dragon spits acid at you. The splash of acid hits you!
The acid corrodes you!
The white imp hits you but does no damage.
The slime creature jiggles.
The slime creature hits you!
An orc comes into view. It is wielding a +0 whip.
There is a stone staircase leading up here.
The slime creature hits you.
* * * LOW HITPOINT WARNING * * *
The white imp gestures at you.
The puff of frost hits you but does no damage.
You climb upwards.
There is a stone staircase leading down here.
You see here a +3 spectral club.
You barely miss the white imp.
The slime creature hits you but does no damage.
The white imp gestures at you. The puff of frost misses you.
You hit the white imp but do no damage.
The slime creature completely misses you.
The white imp summons a swarm of flies.
The white imp hits you but does no damage.
You barely miss the white imp.
The slime creature hits you but does no damage.
The white imp hits you.
* * * LOW HITPOINT WARNING * * *
The white imp freezes you.
* * * LOW HITPOINT WARNING * * *
You sock the white imp!
You kill the white imp!
Makhleb accepts your kill.
You feel better. The slime creature hits you.
* * * LOW HITPOINT WARNING * * *
You puncture the slime creature!
The slime creature is lightly wounded.
The slime creature hits you.
You die...

#............#....>.
#...........##.....#
###........###.....#
###.##.......<##......
##....#....##.###......
#..........##........##
##...........##......###
#...(......####.........
#......@.....#..........
#.....J..##.............
##.......#..............
#.....##...##...........
#........#.##......##...
#.....#..###.......##...
#....###+###............
##...#~~.~~#............
###.#~...~#..(.........


You could see a slime creature.

Vanquished Creatures
  A shadow (D:7)
  A slime creature (D:7)
  A steam dragon (D:7)
  A yak (D:8)
  Edmund (D:4)
  2 black bears
  2 ice beasts (D:8)
  3 ogres
  A wolf (D:7)
  A bullfrog (D:6)
  A scorpion (D:6)
  4 wights (D:8)
  A killer bee (D:8)
  A howler monkey (D:5)
  2 orc priests
  2 hounds
  A jelly (D:4)
  Ijyb (D:4)
  A sleepcap (D:6)
  Terence (D:2)
  4 iguanas
  7 orc wizards
  3 gnolls (D:6)
  3 adders
  2 white imps
  2 ufetubi (D:5)
  2 worms (D:4)
  4 dart slugs
  34 orcs
  8 ball pythons (D:1)
  7 bats
  6 endoplasms
  5 giant cockroaches
  4 goblins
  4 hobgoblins
  16 jackals
  3 quokkas
  4 frilled lizards
  3 kobolds
  4 rats
154 creatures vanquished.

Notes
Turn   | Place    | Note
-------+----------+-------------------------------------------
     0 | D:1      | clenchingflame the Gargoyle Fighter began the quest for the
                  | Orb.
     0 | D:1      | Reached XP level 1. HP: 14/14 MP: 1/1
    94 | D:1      | Reached XP level 2. HP: 18/19 MP: 2/2
   217 | D:1      | Reached skill level 3 in Maces & Flails
   223 | D:1      | Reached XP level 3. HP: 23/23 MP: 3/3
   743 | D:2      | Found a faded altar of an unknown god.
   750 | D:2      | Prayed at the altar of an unknown god.
   750 | D:2      | Became a worshipper of Makhleb the Destroyer
   750 | D:2      | Reached * piety under Makhleb
   782 | D:2      | Reached XP level 4. HP: 23/28 MP: 4/4
  1621 | D:3      | Reached skill level 4 in Maces & Flails
  1624 | D:3      | Identified the +5 dagger "Vyth" {freeze, ^Drain rN+ Str+2
                  | Int+5}
  1714 | D:3      | Noticed Terence
  1833 | D:2      | Killed Terence
  1834 | D:2      | Reached XP level 5. HP: 18/33 MP: 5/5
  2383 | D:4      | Noticed Ijyb
  2441 | D:4      | Killed Ijyb
  2596 | D:4      | Reached skill level 5 in Maces & Flails
  2652 | D:4      | Reached XP level 6. HP: 31/36 MP: 6/6
  2746 | D:4      | Reached ** piety under Makhleb
  2950 | D:4      | Noticed Edmund
  2994 | D:4      | Killed Edmund
  2995 | D:4      | Reached skill level 1 in Invocations
  3293 | D:5      | Entered Level 5 of the Dungeon
  3293 | D:5      | Found a transporter.
  3320 | D:5      | Found a transporter.
  3332 | D:5      | Reached XP level 7. HP: 44/44 MP: 7/7
  3336 | D:5      | Noticed porpoise's ghost (novice GrEE)
  3373 | D:5      | Reached skill level 6 in Maces & Flails
  3379 | D:5      | Reached skill level 5 in Fighting
  4113 | D:5      | Found Aggog Gek's Assorted Antiques.
  4433 | D:6      | Reached skill level 7 in Maces & Flails
  4433 | D:6      | Reached XP level 8. HP: 44/49 MP: 10/10
  4888 | D:6      | Found an ornate altar of the Wu Jian Council.
  5078 | D:6      | Reached skill level 8 in Maces & Flails
  5079 | D:6      | Reached skill level 5 in Armour
  5129 | D:7      | Reached *** piety under Makhleb
  5276 | D:7      | Reached skill level 9 in Maces & Flails
  5384 | D:7      | Found a bloodstained altar of Trog.
  5437 | D:7      | Noticed a shadow
  5457 | D:7      | Killed a shadow
  5458 | D:7      | Reached XP level 9. HP: 51/54 MP: 11/11
  5590 | D:7      | Found a staircase to the Ecumenical Temple.
  5777 | D:8      | Reached skill level 10 in Maces & Flails
  5799 | D:8      | Found a transporter.
  5799 | D:8      | Noticed L4yla's ghost (novice DECj)
  5801 | D:8      | Noticed a cyclops
  5808 | D:8      | Noticed a polar bear
  5809 | D:8      | Noticed a rime drake
  5810 | D:8      | Noticed a polar bear
  6115 | D:7      | Slain by a slime creature

Illustrated notes

Levels and vault maps discovered:
D:1:      saegor_arrival_simple_c, layout_loops_cross, minmay_box_of_dots
D:2:      layout_rooms, chequers_ecumenical_altar_simple_redux, minivault_27,
          nicolae_eternal_life, minmay_misc_feat_tiny
D:3:      layout_basic, uniq_terence
D:4:      layout_basic, uniq_edmund, uniq_ijyb
D:5:      layout_basic, serial_shops, shop_statue, gammafunk_ghost_mausoleum
D:6:      layout_cave_pools, nzn_wu_jian_council_hall
D:7:      layout_cave_pools, kennysheep_little_box, minmay_temple_entry_fiery
D:8:      layout_loops_cross, hellmonk_lair_entry_icy, nzn_ghost_randoct,
          minmay_manual_mail, uniq_maurice

Skill      XL: |  1  2  3  4  5  6  7  8  9 |
---------------+----------------------------+-----
Maces & Flails | 3 4 5 7 9 10 | 10.9
Shields        | 4 |  4.0
Fighting       | 4 5 |  5.0
Invocations    | 1 3 |  3.1
Armour         | 4 5 6 |  6.0

Action                     |  1- 3 |  4- 6 |  7- 9 || total
---------------------------+-------+-------+-------++-------
  Melee: Flail             |   129 |    52 |    41 ||   222
         Dagger            |       |    62 |       ||    62
         Unarmed           |       |     5 |       ||     5
         Whip              |       |    78 |   247 ||   325
         Club              |       |    15 |       ||    15
         Morningstar       |       |       |     5 ||     5
  Throw: Stone             |       |     5 |    15 ||    20
    Use: Potion            |       |     5 |       ||     5
         Scroll            |       |     3 |     2 ||     5
 Armour: Scale mail        |   102 |    33 |       ||   135
         Skin              |       |    50 |       ||    50
         Chain mail        |       |    76 |   247 ||   323
  Dodge: Dodged            |    88 |    56 |    92 ||   236
  Block: Buckler           |    31 |    47 |    56 ||   134

Table legend: (Time is in decaauts)
 A = Elapsed time spent in this place.
 B = Non-inter-level travel time spent in this place.
 C = Inter-level travel time spent in this place.
 D = Time resting spent in this place.
 E = Time spent auto-exploring this place.
 F = Levels seen in this place.
 G = Mean time per level.
                   A        B        C        D        E       F      G
               +--------+--------+--------+--------+--------+-----+--------+
         Total |   6121 |   5947 |    174 |    788 |   3409 |   8 |  765.1 |
       Dungeon |   6121 |   5947 |    174 |    788 |   3409 |   8 |  765.1 |
               +--------+--------+--------+--------+--------+-----+--------+

Top non-repeatable levels by time:
     D:5: 1055 daAuts
     D:4: 930 daAuts
     D:7: 914 daAuts
     D:3: 891 daAuts
     D:2: 781 daAuts
     D:1: 737 daAuts
     D:6: 721 daAuts
     D:8: 88 daAuts
